 Dungeon Crawl Stone Soup version 0.31.0-11-ge490571c62 (console) character file.

Game seed: 13535568619277635373

57968 Mulxbf the Severer (level 14, -23/117 (130) HPs)
             Began as a Minotaur Fighter on Feb 10, 2024.
             Was the Champion of Elyvilon.
             Killed from afar by a shadow dragon (38 damage)
             ... with a bolt of negative energy
             ... on level 12 of the Dungeon.
             The game lasted 01:14:10 (23380 turns).

Mulxbf the Severer (Minotaur Fighter)              Turns: 23380, Time: 01:14:14

HP:   -23/117 (130) AC: 20    Str: 24    XL:     14   Next: 47%
MP:   16/20         EV: 18    Int:  5    God:    Elyvilon [******]
Gold: 1726          SH:  5    Dex: 12    Spells: 3/15 levels left

rFire   + + .        y - +0 war axe (venom)
rCold   x . .        c - +0 buckler
rNeg    . . .        Y - +0 fire dragon scales
rPois   .            (helmet restricted)
rElec   .            l - +2 cloak
rCorr   .            S - +0 pair of gloves
SInv    .            G - +2 pair of boots
Will    ++...        j - amulet of faith Stlth
                     F - +5 ring of evasion
HPRegen 0.39/turn    f - ring of willpower
MPRegen 0.17/turn

%: faith
@: lethally poisoned (-23 -> -25), heavily drained
A: horns 2, retaliatory headbutt
a: Renounce Religion, Purification, Heal Other, Heal Self, Divine Vigour


You were on level 12 of the Dungeon.
You worshipped Elyvilon.
Elyvilon was exalted by your worship.
You visited 3 branches of the dungeon, and saw 18 of its levels.
You also visited: Ice Cave.

You collected 2152 gold pieces.
You spent 426 gold pieces at shops.

Inventory:

Hand Weapons
 a - a +4 hand axe of electrocution
 y - a +0 war axe of venom (weapon)
 M - a +0 trident of protection
Missiles
 q - 3 silver javelins
 A - 2 javelins
 N - 24 poisoned darts (quivered)
Armour
 c - a +0 buckler (worn)
 l - a +2 cloak (worn)
 E - a +2 plate armour of cold resistance
 G - a +2 pair of boots (worn)
 S - a +0 pair of gloves (worn)
 Y - +0 fire dragon scales (worn)
Jewellery
 f - a ring of willpower (right hand)
 j - an amulet of faith (around neck)
 m - a +6 ring of intelligence
 r - a ring of flight
 w - a ring of resist corrosion
 F - a +5 ring of evasion (left hand)
 Q - a +6 ring of strength
 R - a ring of magical power
 Z - a ring of positive energy
Wands
 d - a wand of mindburst (2)
 z - a wand of iceblast (25)
 D - a wand of charming (17)
 W - a wand of digging (15)
 X - a wand of flame (12)
Scrolls
 e - 2 scrolls of enchant weapon
 k - a scroll of fog
 o - 2 scrolls of teleportation
 p - 3 scrolls of noise
 t - 3 scrolls of immolation
 u - 3 scrolls of blinking
 v - a scroll of torment
 x - 3 scrolls of poison
 B - 4 scrolls of amnesia
 C - a scroll of acquirement {unknown}
 H - a scroll of enchant armour {unknown}
 J - 3 scrolls of revelation
 T - a scroll of identify
Potions
 b - 5 potions of haste
 g - 3 potions of attraction
 h - 4 potions of curing
 i - 3 potions of heal wounds
 n - a potion of lignification {unknown}
 s - 2 potions of resistance {unknown}
 I - 2 potions of enlightenment
 K - a potion of magic {unknown}
 O - 2 potions of mutation {unknown}
 P - a potion of might
 U - a potion of berserk rage {unknown}
 V - a potion of cancellation {unknown}
Miscellaneous
 L - a box of beasts (inert)


   Skills:
 * Level 13.8 Fighting
 - Level 16.0 Axes
 + Level 11.4 Armour
 + Level 8.4 Dodging
 - Level 6.4 Shields
 + Level 1.4 Spellcasting
 * Level 3.4 Translocations
 - Level 10.0 Invocations
 + Level 8.6 Evocations


You had 3 spell levels left.
You knew the following spells:

 Your Spells              Type           Power      Damage    Failure   Level
a - Blink                 Tloc           6%         N/A       43%         2
b - Lesser Beckoning      Tloc           6%         N/A       43%         2
c - Manifold Assault      Tloc           3%         N/A       97%         4
d - Passage of Golubria   Tloc           3%         N/A       97%         4

Your spell library contained the following spells:

 Spells                   Type           Power      Damage    Failure   Level
 Apportation              Tloc           6%         N/A       32%         1
 Gell's Gravitas          Tloc           3%         N/A       67%         3
 Teleport Other           Tloc           3%         N/A       67%         3
 Momentum Strike          Conj/Tloc      4%         3d8       69%         2
 Jinxbite                 Hex            0%         N/A       89%         2
 Tukima's Dance           Hex            0%         N/A       98%         3
 Summon Blazeheart Golem  Fire/Summ      0%         N/A       100%        4
 Alistair's Intoxication  Alch           0%         N/A       100%        5
 Yara's Violent Unravell  Hex/Alch       0%         3d3       100%        5
 Dispersal                Tloc           1%         N/A       100%        6
 Orb of Destruction       Conj           0%         9d5       100%        7
 Spellforged Servitor     Conj/Summ      0%         N/A       100%        7
 Disjunction              Tloc           1%         N/A       100%        8


Dungeon Overview and Level Annotations

Branches:
Dungeon (12/15)            Temple (1/1) D:6            Lair (5/5) D:11
  Swamp (0/4) Lair:3        Snake (0/4) Lair:3        Slime (0/5) Lair:4
    Orc (0/2) D:12          IceCv (visited)

Altars:
Ashenzari
Cheibriados
Dithmenos
Elyvilon
Fedhas
Gozag
Hepliaklqana
Kikubaaqudgha
Nemelex Xobeh
Okawaru
Qazlal
Ru
Sif Muna
Trog
Uskayaw
Vehumet
Wu Jian
Xom
Yredelemnul
Zin
The Shining One
Lugonu

Shops:
D:2 (   D:5 *   D:8 [   D:9 !:=   D:11 :

Annotations:
D:7 2 transporters, 2 exclusions
D:10 1 runed translucent door, Tagedieb's ghost, journeyman KoEn


Innate Abilities, Weirdness & Mutations

You have a pair of horns on your head.
You reflexively headbutt those who attack you in melee.


Message History

The howler monkey barely misses you. The hornet completely misses you.
You furiously retaliate!
You headbutt the hornet! The howler monkey barely misses you.
You furiously retaliate!
You headbutt the howler monkey!
You kill the howler monkey!
The five-headed hydra completely misses you.
The five-headed hydra bites you!
* * * LOW HITPOINT WARNING * * *
The five-headed hydra closely misses you.
The five-headed hydra barely misses you.
The five-headed hydra bites you but does no damage.
The catoblepas breathes a plume of calcifying dust at you.
The blast of calcifying dust hits you but does no damage.
The blast of calcifying dust hits the five-headed hydra!
The shadow dragon barely misses you. You furiously retaliate!
You headbutt the shadow dragon. The shadow dragon closely misses you.
The shadow dragon misses you.
You hear a shout! x2
You are healed.
You feel yourself speed up.
You feel sick. The hornet barely misses you.
The howler monkey barely misses you. The five-headed hydra bites you.
* * * LOW HITPOINT WARNING * * *
The five-headed hydra bites you but does no damage. x3
The five-headed hydra completely misses you.
The catoblepas breathes a plume of calcifying dust at you.
The blast of calcifying dust hits you.
* * * LOW HITPOINT WARNING * * *
The blast of calcifying dust hits the five-headed hydra.
The hornet stings you!
* * * LOW HITPOINT WARNING * * *
You shrug off the repeated paralysis!
The shadow dragon misses you. x2
The shadow dragon claws you but does no damage.
The howler monkey barely misses you. You furiously retaliate!
You headbutt the howler monkey!
Okay, then.
You feel sick. The hornet closely misses you. You furiously retaliate!
You headbutt the hornet!
The five-headed hydra bites you but does no damage.
The five-headed hydra barely misses you.
The five-headed hydra bites you.
* * * LOW HITPOINT WARNING * * *
The five-headed hydra misses you.
The five-headed hydra bites you but does no damage.
The shadow dragon breathes negative energy at you.
The bolt of negative energy hits you!!!
You feel drained.
You die...

###### ########
#....###.#....#
#....##.#.....# ##
#....#(###....####§#
#.....## #....##@D##
#.#..## ##....§DYy§#
#..#.#.....![[§§h§§#
#..)##....."<[§§...#
##...#.....($$.§...#
#.#..#.........#####
#..#.#.####.....
#...##$ #....#.
##...# #..... #.#..#
#.... #..#.# #####


You could see a shadow dragon (catching breath), a catoblepas (very poisoned), a
five-headed hydra, a hornet and a howler monkey.

Vanquished Creatures
  An eleionoma (Lair:3)
  Josephine (D:10)
  A fire dragon (Lair:5)
  2 hydras
  A centaur warrior (D:12)
  8 death yaks
  A boulder beetle (Lair:5)
  2 two-headed ogres
  A hell hog (Lair:5)
  A skyshark (Lair:5)
  A fire crab (Lair:5)
  2 skeletal warriors (D:11)
  A flayed ghost (D:12)
  A lindwurm (Lair:5)
  Maurice (D:9)
  A cyclops (D:11)
  An ugly thing (IceCv)
  2 gargoyles
  An unseen horror (D:10)
  5 torpor snails (Lair:5)
  3 rime drakes
  11 cane toads
  2 komodo dragons
  2 kobold demonologists
  Psyche (D:9)
  10 polar bears (Lair:5)
  7 hornets
  2 trolls
  4 tyrant leeches (Lair:5)
  4 raiju
  9 dream sheep
  25 blink frogs
  Sigmund (D:3)
  A slime creature (D:9)
  A shadow (D:9)
  56 yaks
  Eustachio (D:4)
  3 wyverns
  5 wraiths (D:10)
  4 basilisks
  4 wargs (Lair:5)
  A death yak simulacrum (IceCv)
  A steam dragon (D:10)
  4 vampire mosquitoes (D:11)
  Menkaure (D:5)
  3 nagas (Lair:3)
  3 acid dragons
  11 water moccasins
  3 orc warriors
  14 hell hounds (Lair:5)
  2 ice beasts (D:6)
  14 black bears
  A sky beast (D:7)
  An ogre (D:7)
  2 centaurs
  19 wolves
  4 kobold brigands
  11 bullfrogs
  7 scorpions
  2 cane toad simulacra (IceCv)
  9 wights
  11 killer bees
  5 howler monkeys
  A bombardier beetle (D:5)
  15 jellies
  6 hounds
  2 gnoll boudas
  7 orc priests
  4 iguanas
  10 orc wizards
  4 sleepcaps
  5 hell rats (Lair:5)
  3 spriggan simulacra (D:11)
  3 polar bear simulacra (IceCv)
  8 adders
  8 gnolls
  A naga simulacrum (D:11)
  3 shadow imps
  2 ufetubi (D:7)
  2 ribbon worms (D:2)
  6 dart slugs
  36 orcs
  9 endoplasms
  A giant cockroach (D:2)
  8 goblins
  7 hobgoblins
  10 jackals
  19 kobolds
  8 quokkas
  5 ball pythons
  11 bats
  5 frilled lizards
  5 rats
534 creatures vanquished.

Vanquished Creatures (collateral kills)
  An orc warrior (D:11)
  A howler monkey (D:9)
  2 orc wizards (D:11)
  An orc (D:11)
5 creatures vanquished.

Vanquished Creatures (others)
  A centaur (D:9)
  A kobold (D:7)
2 creatures vanquished.

Grand Total: 541 creatures vanquished

Notes
Turn   | Place    | Note
-------+----------+-------------------------------------------
     0 | D:1      | Mulxbf the Minotaur Fighter began the quest for the Orb.
     0 | D:1      | Reached XP level 1. HP: 19/19 MP: 0/0
   110 | D:1      | Reached skill level 3 in Axes
   140 | D:1      | Reached XP level 2. HP: 25/26 MP: 1/1
   286 | D:1      | Reached skill level 4 in Axes
   422 | D:1      | Reached XP level 3. HP: 31/31 MP: 2/2
   905 | D:2      | Reached skill level 5 in Axes
   905 | D:2      | Reached XP level 4. HP: 23/39 MP: 3/3
  1782 | D:2      | Found Ruvecw's Antique Weapon Emporium.
  1996 | D:3      | Noticed Sigmund
  2115 | D:3      | Reached skill level 6 in Axes
  2117 | D:3      | Found a blossoming altar of Fedhas.
  2294 | D:3      | Found a broken altar of Ashenzari.
  2366 | D:4      | Reached XP level 5. HP: 38/45 MP: 4/4
  2477 | D:4      | Reached skill level 7 in Axes
  2567 | D:4      | Reached XP level 6. HP: 50/51 MP: 5/5
  2821 | D:4      | Noticed Eustachio
  2846 | D:4      | Killed Eustachio
  2847 | D:4      | Reached skill level 8 in Axes
  2940 | D:4      | Found a basalt altar of Yredelemnul.
  3036 | D:4      | Found a white marble altar of Elyvilon.
  3044 | D:4      | Became a worshipper of Elyvilon the Healer
  3233 | D:4      | Identified the +1 leather armour "Damyomul" {rN++}
  3434 | D:5      | Entered Level 5 of the Dungeon
  3438 | D:5      | Noticed Menkaure
  3553 | D:5      | Noticed a water moccasin
  3561 | D:5      | Killed a water moccasin
  3562 | D:5      | Reached skill level 9 in Axes
  3562 | D:5      | Reached XP level 7. HP: 54/57 MP: 6/6
  3571 | D:5      | Found Kasiq's Neck Hole.
  3776 | D:5      | Reached * piety under Elyvilon
  3801 | D:5      | Found an ornate altar of the Wu Jian Council.
  3822 | D:5      | Reached skill level 10 in Axes
  4214 | D:5      | Killed Menkaure
  4305 | D:5      | Found a radiant altar of Vehumet.
  4578 | D:6      | Found a staircase to the Ecumenical Temple.
  4854 | D:6      | Reached ** piety under Elyvilon
  4944 | D:6      | Reached skill level 11 in Axes
  4944 | D:6      | Reached skill level 1 in Evocations
  4944 | D:6      | Reached XP level 8. HP: 32/66 MP: 7/7
  6061 | Temple   | Entered the Ecumenical Temple
  6295 | D:7      | Reached skill level 5 in Armour
  6372 | D:7      | Reached skill level 5 in Fighting
  6372 | D:7      | Reached skill level 12 in Axes
  6403 | D:7      | Reached XP level 9. HP: 59/74 MP: 8/8
  6438 | D:5      | Bought a +2 cloak for 231 gold pieces
  6543 | D:7      | Reached *** piety under Elyvilon
  6714 | D:7      | Noticed a red ugly thing
  6721 | D:7      | Noticed a red ugly thing
  6722 | D:7      | Noticed a purple ugly thing
  6725 | D:7      | Noticed a purple ugly thing
  6816 | D:7      | Found a transporter.
  6817 | D:7      | Found a corrupted altar of Lugonu.
  6894 | D:7      | Identified the +0 leather armour "Qireu" {Fly rN+}
  6895 | D:7      | Found a bloodstained altar of Trog.
  7106 | D:7      | Found a transporter.
  7191 | D:7      | HP: 2/74 [raiju/living lightning (10)]
  7192 | D:7      | Elyvilon protects you from harm!
  7894 | D:8      | Reached skill level 5 in Evocations
  8158 | D:8      | Noticed a gargoyle
  8158 | D:8      | Identified the +1 flail "Sovyfa" {flame, *Rage rN+ Str+6}
  8171 | D:8      | Reached skill level 13 in Axes
  8177 | D:8      | Noticed a troll
  8221 | D:8      | Killed a gargoyle
  8439 | D:8      | Found a glowing golden altar of the Shining One.
  8484 | D:8      | Killed a troll
  8485 | D:8      | Reached XP level 10. HP: 52/84 MP: 9/9
  8534 | D:8      | Reached skill level 1 in Invocations
  8647 | D:8      | Noticed a tengu warrior
  8754 | D:8      | Found an ancient bone altar of Kikubaaqudgha.
  8797 | D:8      | Found Emnuhes's Armour Boutique.
  8806 | D:8      | Reached skill level 1 in Dodging
  8808 | D:8      | Identified the +10 shortbow of Omuneps {heavy, rN+ Will+
                  | Int-2}
  9081 | D:9      | Noticed Maurice
  9096 | D:9      | Maurice stole a ring of resist corrosion
  9097 | D:9      | Killed Maurice
  9207 | D:9      | Noticed Psyche
  9268 | D:9      | Killed Psyche
  9816 | D:9      | Found Keghih's Jewellery Shoppe.
  9819 | D:9      | Found Noadaor's Book Boutique.
  9855 | D:9      | Reached **** piety under Elyvilon
  9957 | D:9      | Found Osutecis's Distillery.
  9964 | D:9      | Bought a potion of haste for 130 gold pieces
  9964 | D:9      | Bought a potion of enlightenment for 65 gold pieces
 10127 | D:9      | Reached skill level 14 in Axes
 10626 | D:9      | Noticed a two-headed ogre
 10635 | D:9      | Killed a two-headed ogre
 11375 | D:3      | Killed Sigmund
 11376 | D:3      | Reached XP level 11. HP: 94/94 MP: 13/13
 11865 | D:10     | Entered Level 10 of the Dungeon
 11984 | D:10     | Reached skill level 5 in Invocations
 12079 | D:10     | Noticed Josephine
 12105 | D:10     | Killed Josephine
 12132 | D:10     | Found a runed translucent door.
 12132 | D:10     | Noticed a skeletal warrior
 12132 | D:10     | Noticed Tagedieb's ghost (journeyman KoEn)
 13270 | D:11     | Found a frozen archway.
 13272 | D:11     | Noticed a two-headed ogre
 13286 | D:11     | Killed a two-headed ogre
 13307 | IceCv    | Entered an ice cave
 13392 | IceCv    | Noticed a white ugly thing
 13410 | IceCv    | Killed a white ugly thing
 13594 | D:11     | Found a staircase to the Lair.
 13602 | D:11     | Reached skill level 15 in Axes
 13658 | D:11     | Reached ***** piety under Elyvilon
 13694 | D:11     | Found Yratimipt's Book Emporium.
 13756 | D:11     | Noticed a sun demon
 14124 | D:12     | Noticed a skeletal warrior
 14124 | D:12     | Noticed a skeletal warrior
 14137 | Lair:1   | Entered Level 1 of the Lair of Beasts
 14361 | Lair:1   | Noticed a death yak
 14362 | Lair:1   | Noticed a death yak
 14444 | D:11     | Killed a death yak
 14445 | D:11     | Reached skill level 5 in Dodging
 14506 | D:11     | Killed a death yak
 14507 | D:11     | Reached XP level 12. HP: 94/105 MP: 14/16
 15080 | Lair:1   | Noticed a death yak
 15080 | Lair:1   | Noticed a death yak
 15096 | Lair:1   | Noticed a death yak
 15102 | Lair:1   | Killed a death yak
 15113 | Lair:1   | Killed a death yak
 15114 | Lair:1   | Reached skill level 10 in Fighting
 15139 | Lair:1   | Killed a death yak
 16012 | Lair:2   | Noticed a seven-headed hydra
 16029 | Lair:2   | Killed a seven-headed hydra
 16189 | Lair:2   | Found a sparkling altar of Nemelex Xobeh.
 16281 | Lair:2   | Reached skill level 16 in Axes
 17360 | Lair:3   | Reached ****** piety under Elyvilon
 17389 | Lair:3   | Reached skill level 10 in Armour
 17389 | Lair:3   | Reached XP level 13. HP: 113/116 MP: 18/18
 17594 | Lair:3   | Found a staircase to the Snake Pit.
 17813 | Lair:3   | Found a staircase to the Swamp.
 17813 | Lair:3   | Noticed an eleionoma
 17853 | Lair:3   | Killed an eleionoma
 18202 | Lair:3   | Noticed Nessos
 18208 | Lair:3   | Pacified Nessos
 19184 | Lair:4   | Reached skill level 5 in Shields
 19391 | Lair:4   | Found a staircase to the Slime Pits.
 19511 | Lair:4   | You fall into a shaft and drop 1 floor!
 19511 | Lair:5   | Entered Level 5 of the Lair of Beasts
 20428 | Lair:5   | Reached skill level 1 in Translocations
 20531 | Lair:5   | Paralysed by a hornet for 2 turns
 20549 | Lair:5   | Reached skill level 10 in Invocations
 20562 | Lair:5   | Learned a level 2 spell: Blink
 20649 | Lair:5   | Learned a level 2 spell: Lesser Beckoning
 20654 | Lair:5   | Learned a level 4 spell: Manifold Assault
 20659 | Lair:5   | Learned a level 4 spell: Passage of Golubria
 20865 | Lair:5   | Noticed a fire dragon
 20883 | Lair:5   | Killed a fire dragon
 20884 | Lair:5   | Reached XP level 14. HP: 50/129 MP: 20/20
 21952 | Lair:5   | Reached skill level 1 in Spellcasting
 22952 | D:12     | Found a staircase to the Orcish Mines.
 23361 | D:12     | Noticed a shadow dragon
 23375 | D:12     | Paralysed by a hornet for 3 turns
 23377 | D:12     | HP: 6/125 [catoblepas (5)]
 23377 | D:12     | Elyvilon protects you from harm!
 23377 | D:12     | HP: 2/125 [shadow dragon (4)]
 23380 | D:12     | Killed from afar by a shadow dragon

Illustrated notes

Levels and vault maps discovered:
D:1:      zelgadis_glass_arrival_large, layout_loops_cross
D:2:      layout_basic, serial_shops, nicolae_shop_waterfront
D:3:      layout_loops_ring, fedhas_ov_isle_minmay, nicolae_ashenzari_skybound,
          amethyst_killhole, kennysheep_generic_room_2, uniq_sigmund
D:4:      layout_loops_ring, kennysheep_ying_yang, minmay_box_of_dots,
          uniq_eustachio
D:5:      layout_cave_pods, mainiacjoe_overflow_alcove_4,
          nicolae_wu_jian_wuxing_cycle, minmay_misc_feat_secret_circle,
          nicolae_shop_sticking_my_neck_out, uniq_menkaure
D:6:      layout_gridville, minmay_temple_entry_grid, grunt_decor_arrowhead,
          dreamdust_mushroom_princess
D:7:      gammafunk_corrupted_shrine, layout_loops_cross,
          mainiacjoe_overflow_concentric_impassable, kennysheep_nub,
          nicolae_have_a_lightning_rod
D:8:      minmay_the_grid_four_pointed_star
          [minmay_the_grid_triangle_9x9_flanged_cone,
          minmay_the_grid_triangle_9x9_sparse_checkered,
          minmay_the_grid_triangle_9x9_descending_squares,
          minmay_the_grid_triangle_9x9_negative_grid,
          minmay_the_grid_prize_four_corners_diamond_b], layout_basic,
          nicolae_tso_carved_into_rock, gammafunk_temple_overflow_pools,
          kiku_gazebo_garden_becter, nicolae_take_the_stairs, chequers_jeans
D:9:      layout_stronghold, serial_shops, shop, shop, shop_statue,
          minmay_chambers_of_fives, uniq_maurice, uniq_psyche
D:10:     old_forge, layout_gridville, enter_bailey_5,
          ebering_ghost_inner_flame, uniq_josephine
D:11:     layout_cave_pools, erik_lair_orcish_takeover, serial_shops, shop,
          portal_ice_cave_entry_ice_simulacra
D:12:     minmay_textured_paths, layout_irregular_city,
          minmay_orc_entry_temple_small, minmay_librarian
Temple:   chequers_temple_sunken
Lair:1:   layout_layer_cave, lemuel_fruit_tree
Lair:2:   layout_gridlike, basic_altar
Lair:3:   layout_regular_city, alex1729_swamp_entry_worm_eleionoma,
          nicolae_snake_entry_squirm, small_statue_intersection,
          beast_lair_carwin_6, grunt_megastairs_2, uniq_nessos
Lair:4:   layout_cave_shapes, minmay_slime_entry_jelly_boxes
Lair:5:   hangedman_lair_caniforms_friends, layout_hall_layers, wormcave

Skill      XL: |  1  2  3  4  5  6  7  8  9 10 11 12 13 14 |
---------------+-------------------------------------------+-----
Axes           | 3 4 5 6 7 9 11 12 13 14 15 16 | 16.0
Evocations     | 1 3 6 7 8 |  8.6
Fighting       | 5 6 7 9 11 13 | 13.8
Armour         | 5 6 7 8 10 11 | 11.4
Invocations    | 4 6 8 10 | 10.0
Dodging        | 3 5 6 7 8 |  8.4
Shields        | 5 6 |  6.4
Translocations | 1 3 |  3.4
Spellcasting   | 1 |  1.4

Action                     |  1- 3 |  4- 6 |  7- 9 | 10-12 | 13-15 || total
---------------------------+-------+-------+-------+-------+-------++-------
  Melee: War axe           |    72 |   144 |    16 |       |   478 ||   710
         Headbutt          |    10 |    12 |    59 |   131 |   179 ||   391
         Hand axe          |       |       |   291 |   619 |   217 ||  1127
         Trident           |       |       |       |    10 |    12 ||    22
  Throw: Javelin           |       |       |     4 |       |       ||     4
 Invoke: Heal Self         |       |       |     2 |     4 |     4 ||    10
         Purification      |       |       |       |     1 |       ||     1
         Heal Other        |       |       |       |       |     2 ||     2
         Divine Vigour     |       |       |       |       |     1 ||     1
  Evoke: Wand              |       |       |     4 |    12 |     1 ||    17
         Box of beasts     |       |       |       |     1 |     1 ||     2
    Use: Potion            |       |     1 |       |     2 |     3 ||     6
         Scroll            |       |       |     9 |     6 |     6 ||    21
 Armour: Scale mail        |    61 |   108 |       |       |       ||   169
         Leather armour    |       |     3 |   193 |    77 |       ||   273
         Plate armour      |       |       |       |   265 |   197 ||   462
         Fire dragon scale |       |       |       |       |   226 ||   226
  Dodge: Dodged            |    45 |    61 |   108 |   240 |   392 ||   846
  Block: Buckler           |    23 |    24 |    54 |    68 |   125 ||   294
